 Dungeon Crawl Stone Soup version 0.27-a0-1105-g946c659c87 (webtiles) character file.

Game seed: 9689669255354668576

18 DogServant the Skirmisher (level 2, -5/25 HPs)
             Began as a Palentonga Fighter on Apr 29, 2021.
             Slain by a gnoll
             ... wielding a +0 flail
              (7 damage)
             ... on level 1 of the Dungeon.
             The game lasted 00:01:53 (460 turns).

DogServant the Skirmisher (Palentonga Fighter)       Turns: 460, Time: 00:01:53

Health: -5/25      AC:  6    Str: 19    XL:     2   Next: 48%
Magic:  2/2        EV:  5    Int:  8    God:
Gold:   3          SH:  8    Dex:  9    Spells: 1/1 levels left

rFire    . . .     SeeInvis +   a - +0 war axe
rCold    . . .     Faith    .   c - +0 kite shield
rNeg     . . .     Spirit   .   b - +0 scale mail
rPois    .         Reflect  .   (no helmet)
rElec    .         Harm     .   (no cloak)
rCorr    .         Rampage  .   (no gloves)
Will     .....                  (no barding)
Stlth    ..........             (no amulet)
HPRegen  0.08/turn              (no ring)
MPRegen  0.08/turn              (no ring)

@: no status effects
A: large, rugged brown scales 3, see invisible, deformed body, roll 1, armoured
tail
a: Rolling Charge


You were on level 1 of the Dungeon.
You visited 1 branch of the dungeon, and saw 1 of its levels.

You collected 3 gold pieces.

Inventory:

Hand Weapons
 a - a +0 war axe (weapon)
Armour
 b - a +0 scale mail (worn)
 c - a +0 kite shield (worn)
Scrolls
 e - a scroll of immolation {unknown}
Potions
 d - a potion of might


   Skills:
 + Level 3.4 Fighting
 + Level 2.6 Axes
 - Level 2.4 Armour
 - Level 2.4 Shields


You had one spell level left.
You didn't know any spells.
Your spell library was empty.

Dungeon Overview and Level Annotations

Branches:
Dungeon (1/15)

Altars:


Innate Abilities, Weirdness & Mutations

You are completely covered in rugged brown scales. (AC +3, +7% HP)
You have supernaturally acute eyesight. (SInv)
Armour fits poorly on your strangely shaped body.
You can roll at nearby foes to attack.
You have a long armoured tail.


Message History

Found 13 stones.
Found a runed dagger.
You see here 13 stones.
A rat comes into view.
You see here a +4 dagger of speed.
A rat is nearby!
A rat is nearby!
You barely miss the rat.
Your tail-slap misses the rat.
The rat bites you.
You hit the rat.
You kill the rat!
No target in view!
A gnoll comes into view. It is wielding a +0 flail.
The gnoll shouts!
A gnoll is nearby!
A gnoll is nearby!
Roll where?
Press: ? - help, Dir - move target, f - gnoll
Aim: a gnoll, wielding a +0 flail You roll forward with a clatter of scales!
You barely miss the gnoll. The gnoll hits you with a +0 flail!
The gnoll barely misses you.
Unknown command.
You barely miss the gnoll. The gnoll hits you but does no damage.
You block the gnoll's attack.
You closely miss the gnoll. The gnoll hits you with a +0 flail.
You hit the gnoll. You tail-slap the gnoll!
The gnoll is almost dead.
You block the gnoll's attack. The gnoll hits you with a +0 flail.
You are too injured to fight recklessly!
You are too injured to fight recklessly!
You are too injured to fight recklessly!
You are too injured to fight recklessly!
You barely miss the gnoll.
Your tail-slap misses the gnoll.
The gnoll is almost dead.
The gnoll hits you with a +0 flail!
* * * LOW HITPOINT WARNING * * *
You hit the gnoll but do no damage.
The gnoll is almost dead.
The gnoll completely misses you. The gnoll hits you with a +0 flail!
You die...

#...###......#
#.....##........###
#.....##........#
......#........#
.....#........#
#...#........#
#...######.###
####..g######.#
.......@......#
####...########
#... #... #... ####


You could see a gnoll.

Vanquished Creatures
  A ball python (D:1)
  A bat (D:1)
  3 endoplasms (D:1)
  A giant cockroach (D:1)
  2 hobgoblins (D:1)
  A kobold (D:1)
  2 quokkas (D:1)
  A frilled lizard (D:1)
  3 rats (D:1)
15 creatures vanquished.

Notes
Turn   | Place    | Note
-------+----------+-------------------------------------------
     0 | D:1      | DogServant the Palentonga Fighter began the quest for the
                  | Orb.
     0 | D:1      | Reached XP level 1. HP: 19/19 MP: 1/1
    70 | D:1      | Found a faded altar of an unknown god.
    83 | D:1      | Reached XP level 2. HP: 22/25 MP: 2/2
   460 | D:1      | Slain by a gnoll

Illustrated notes

Levels and vault maps discovered:
D:1:      psy_arrival_basics, layout_basic,
          hellmonk_ecumenical_altar_pennies_from_heaven

Action                   || total
-------------------------++-------
Melee: War axe           ||    30
       Tailslap          ||     3
 Abil: Rolling Charge    ||    10
Armor: Scale mail        ||     8
Dodge: Dodged            ||     9
Block: Kite shield       ||     3

Table legend: (Time is in decaauts)
 A = Elapsed time spent in this place.
 B = Non-inter-level travel time spent in this place.
 C = Inter-level travel time spent in this place.
 D = Time resting spent in this place.
 E = Time spent auto-exploring this place.
 F = Levels seen in this place.
 G = Mean time per level.
                   A        B        C        D        E       F      G
               +--------+--------+--------+--------+--------+-----+--------+
         Total |    479 |    479 |      0 |      0 |    405 |   1 |  479.0 |
       Dungeon |    479 |    479 |      0 |      0 |    405 |   1 |  479.0 |
               +--------+--------+--------+--------+--------+-----+--------+

Top non-repeatable levels by time:
     D:1: 479 daAuts
